 Dungeon Crawl Stone Soup version 0.30-a0-772-g5528072125 (webtiles) character file.

Game seed: 12558994329889581232

431 avis the Shooter (level 6, -2/46 (48) HPs)
             Began as a Demigod Hunter on Feb 12, 2023.
             Slain by a wight
             ... wielding a +0 dire flail
              (9 damage)
             ... on level 5 of the Dungeon.
             The game lasted 00:20:01 (4464 turns).

avis the Shooter (Demigod Hunter)                   Turns: 4464, Time: 00:20:02

HP:   -2/46 (48)    AC:  5    Str: 12    XL:     6   Next: 39%
MP:   8/8           EV: 12    Int: 11    God:
Gold: 113           SH:  0    Dex: 25    Spells: 5/5 levels left

rFire   . . .      SeeInvis .    a - +0 shortbow
rCold   . . .      Faith    .    (shield currently unavailable)
rNeg    . . .      Spirit   .    c - +0 leather armour
rPois   .          Reflect  .    j - +0 helmet
rElec   .          Harm     .    (no cloak)
rCorr   .          Rampage  .    n - +0 pair of gloves
Will    .....                    (no boots)
Stlth   ++                       (no amulet)
HPRegen 0.27/turn                (no ring)
MPRegen 0.11/turn                (no ring)

@: lightly drained
A: high MP 1, forlorn, divine attributes
a: no special abilities


You were on level 5 of the Dungeon.
You visited 2 branches of the dungeon, and saw 6 of its levels.

You collected 197 gold pieces.
You spent 84 gold pieces at shops.

Inventory:

Hand Weapons
 a - a +0 shortbow (weapon)
 b - a +0 rapier
Missiles
 l - 6 boomerangs
 m - 5 atropa-tipped darts
 u - 8 poisoned darts
Armour
 c - a +0 leather armour (worn)
 j - a +0 helmet (worn)
 n - a +0 pair of gloves (worn)
Scrolls
 h - a scroll of poison {unknown}
 k - 2 scrolls of enchant armour {unknown}
 o - a scroll of torment {unknown}
 p - a scroll of acquirement {unknown}
 q - 3 scrolls of teleportation {unknown}
 t - a scroll of vulnerability {unknown}
 x - a scroll of enchant weapon {unknown}
 y - a scroll of fear {unknown}
 z - a scroll of magic mapping {unknown}
Potions
 d - 2 potions of flight
 e - 2 potions of lignification {unknown}
 f - a potion of brilliance
 g - a potion of haste {unknown}
 i - a potion of invisibility {unknown}
 s - 2 potions of curing
 v - a potion of might {unknown}
 w - a potion of heal wounds {unknown}


   Skills:
 - Level 2.0 Fighting
 * Level 7.3 Ranged Weapons
 - Level 2.0 Dodging
 - Level 1.0 Stealth


You had 5 spell levels left.
You didn't know any spells.
Your spell library was empty.

Dungeon Overview and Level Annotations

Branches:
Dungeon (5/15)             Temple (1/1) D:4

Shops:
D:2 ?*(*


Innate Abilities, Weirdness & Mutations

You have an increased reservoir of magic. (+10% MP)
You shall have no god before yourself.
Your divine heritage dramatically boosts your attributes as you level up.


Message History

You shoot an arrow.
The arrow hits the wight but does no damage.
The wight is moderately damaged.
The wight hits you with a +0 dire flail!
The wight misses you.
Fire: a) +0 shortbow
Press: ? - help, Q - select action, (/) - cycle Shift-Dir - straight line, f/p - wight
Aim: a wight, wielding a +0 dire flail and wearing a +0 robe (moderately damaged, 68% to hit)
You shoot an arrow.
The arrow hits the wight but does no damage.
The wight is moderately damaged.
The wight hits you with a +0 dire flail!
You feel drained.
Fire: a) +0 shortbow
Press: ? - help, Q - select action, (/) - cycle Shift-Dir - straight line, f/p - wight
Aim: a wight, wielding a +0 dire flail and wearing a +0 robe (moderately damaged, 68% to hit)
You shoot an arrow. The arrow hits the wight!
The wight is almost destroyed.
The wight hits you with a +0 dire flail!
* * * LOW HITPOINT WARNING * * *
Fire: a) +0 shortbow
Press: ? - help, Q - select action, (/) - cycle Shift-Dir - straight line, f/p - wight
Aim: a wight, wielding a +0 dire flail and wearing a +0 robe (almost destroyed, 68% to hit)
You shoot an arrow. The arrow closely misses the wight.
The wight closely misses you.
Okay, then.
Fire: a) +0 shortbow
Press: ? - help, Q - select action, (/) - cycle Shift-Dir - straight line, f/p - wight
Aim: a wight, wielding a +0 dire flail and wearing a +0 robe (almost destroyed, 68% to hit)
You shoot an arrow.
The arrow hits the wight but does no damage.
The wight is almost destroyed.
The wight completely misses you.
Fire: a) +0 shortbow
Press: ? - help, Q - select action, (/) - cycle Shift-Dir - straight line, f/p - wight
Aim: a wight, wielding a +0 dire flail and wearing a +0 robe (almost destroyed, 68% to hit)
You shoot an arrow. The arrow barely misses the wight.
The wight misses you.
The wight hits you with a +0 dire flail!
You die...

##........
........
....... .
.....## .# # #
#.....#..#
...#.#.........
...........#
#.....z@..#
...............
.....).........
.............##
...............
........#..##~♣
........#... ~
........♣♣♣~~


You could see a wight.

Vanquished Creatures
  A scorpion (D:4)
  A wight (D:5)
  A jelly (D:4)
  2 iguanas (D:4)
  Natasha (thrice) (D:2)
  An orc wizard (D:3)
  Robin (D:2)
  An adder (D:2)
  3 worms (D:2)
  2 dart slugs
  3 orcs
  6 ball pythons
  6 endoplasms
  3 giant cockroaches
  16 goblins
  16 hobgoblins
  5 jackals
  4 quokkas
  4 bats
  4 frilled lizards
  10 kobolds
  8 rats
101 creatures vanquished.

Vanquished Creatures (others)
  3 fungi (D:1)
  2 plants (D:1)
5 creatures vanquished.

Grand Total: 106 creatures vanquished

Notes
Turn   | Place    | Note
-------+----------+-------------------------------------------
     0 | D:1      | avis the Demigod Hunter began the quest for the Orb.
     0 | D:1      | Reached XP level 1. HP: 17/17 MP: 3/3
   147 | D:1      | Reached skill level 4 in Ranged Weapons
   223 | D:1      | Reached XP level 2. HP: 24/24 MP: 4/4
   420 | D:1      | Reached skill level 1 in Stealth
  1107 | D:2      | Reached XP level 3. HP: 29/29 MP: 5/5
  1176 | D:2      | Noticed Robin
  1499 | D:2      | Killed Robin
  1567 | D:2      | Reached skill level 5 in Ranged Weapons
  1573 | D:2      | Reached XP level 4. HP: 30/36 MP: 6/6
  1618 | D:2      | Found Qofer's Magic Scroll Shop.
  1632 | D:2      | Bought a scroll of identify for 22 gold pieces
  1720 | D:2      | Found Getilioj's Assorted Antiques.
  1749 | D:2      | Found Omatrelier's General Store.
  1856 | D:2      | Found Wocs's Antique Weapon Emporium.
  1883 | D:2      | Noticed Natasha
  1889 | D:2      | Killed Natasha
  2097 | D:2      | Noticed Natasha
  2105 | D:2      | Killed Natasha
  2252 | D:2      | Noticed Natasha
  2256 | D:2      | Killed Natasha
  2257 | D:2      | Reached XP level 5. HP: 36/41 MP: 7/7
  2326 | D:2      | Reached skill level 6 in Ranged Weapons
  2445 | D:2      | Bought a potion of curing for 42 gold pieces
  3110 | D:2      | Bought a bubbling purple potion for 20 gold pieces
  3783 | D:4      | Found a staircase to the Ecumenical Temple.
  3793 | Temple   | Entered the Ecumenical Temple
  4106 | D:4      | Reached XP level 6. HP: 48/48 MP: 8/8
  4317 | D:4      | Reached skill level 7 in Ranged Weapons
  4448 | D:5      | Entered Level 5 of the Dungeon
  4464 | D:5      | Slain by a wight

Illustrated notes

Levels and vault maps discovered:
D:1:      nicolae_arrival_memento_mori, layout_loops_ring,
          shapermc_ecumenical_altar_mp_ritualfount, minivault_25
D:2:      layout_basic, basic_altar, serial_shops,
          nicolae_shop_overgrown_old_shop, shop, nicolae_shop_trees, shop,
          grunt_decor_arrowhead, minmay_crystal_room, grunt_ministairs_15,
          serial_bayou_pond_b, uniq_natasha, uniq_robin
D:3:      layout_loops_ring, marbit_many_paths, mainiacjoe_overflow_alcove_2
D:4:      kennysheep_big_flooded_room, layout_basic,
          minmay_temple_entry_metal_lava, supply_closet_lemuel,
          minmay_misc_feat_ornament
D:5:      layout_cave_pools, serial_bayou, serial_bayou_lake_a,
          serial_bayou_pond_b, serial_bayou_shore_b, serial_bayou_ford_a,
          hellmonk_bongcloud_opening, minmay_shop_damaged,
          nicolae_shop_dragon_depot, nicolae_zen_rock_garden,
          nicolae_nh_ransacked_shop
Temple:   dshaligram_water_room_temple

Skill      XL: |  1  2  3  4  5  6 |
---------------+-------------------+-----
Fighting       | 2 |  2.0
Ranged Weapons | 4 5 6 7 |  7.3
Dodging        | 2 |  2.0
Stealth        | 1 |  1.0

Action                     |  1- 3 |  4- 6 || total
---------------------------+-------+-------++-------
   Fire: Shortbow          |   132 |   163 ||   295
    Use: Scroll            |       |     4 ||     4
 Armour: Leather armour    |    15 |    19 ||    34
  Dodge: Dodged            |    82 |    42 ||   124

Table legend: (Time is in decaauts)
 A = Elapsed time spent in this place.
 B = Non-inter-level travel time spent in this place.
 C = Inter-level travel time spent in this place.
 D = Time resting spent in this place.
 E = Time spent auto-exploring this place.
 F = Levels seen in this place.
 G = Mean time per level.
                   A        B        C        D        E       F      G
               +--------+--------+--------+--------+--------+-----+--------+
         Total |   4576 |   4021 |    555 |    862 |   2181 |   6 |  762.7 |
       Dungeon |   4566 |   4011 |    555 |    862 |   2181 |   5 |  913.2 |
        Temple |     10 |     10 |      0 |      0 |      0 |   1 |   10.0 |
               +--------+--------+--------+--------+--------+-----+--------+

Top non-repeatable levels by time:
     D:1: 1498 daAuts
     D:2: 1233 daAuts
     D:3: 1031 daAuts
     D:4: 784 daAuts
     D:5: 18 daAuts
  Temple: 10 daAuts
